 Dungeon Crawl Stone Soup version 0.28-a0-1429-gf3d713df7a (webtiles) character file.

Game seed: 9134413795104066879

416 rocketpapaya the Chopper (level 6, -1/37 HPs)
             Began as a Gargoyle Fighter on Jan 9, 2022.
             Slain by a gnoll sergeant (11 damage)
             ... on level 4 of the Dungeon.
             The game lasted 00:06:18 (4343 turns).

rocketpapaya the Chopper (Gargoyle Fighter)         Turns: 4343, Time: 00:06:19

Health: -1/37      AC: 12    Str: 19    XL:     6   Next: 92%
Magic:  6/6        EV:  9    Int:  9    God:
Gold:   196        SH:  4    Dex: 11    Spells: 5/5 levels left

rFire   . . .      SeeInvis .   a - +0 war axe
rCold   . . .      Faith    +   c - +0 buckler
rNeg    + . .      Spirit   .   b - +0 scale mail
rPois   ∞          Reflect  .   (no helmet)
rElec   +          Harm     .   (no cloak)
rCorr   .          Rampage  .   (no gloves)
Will    .....                   g - +0 pair of boots
Stlth   ..........              v - amulet of faith
HPRegen 0.12/turn               (no ring)
MPRegen 0.10/turn               (no ring)

@: no status effects
A: sickness immunity, AC +4, negative energy resistance 1, electricity
resistance, torment resistance 1, petrification resistance
a: no special abilities


You were on level 4 of the Dungeon.
You visited 2 branches of the dungeon, and saw 5 of its levels.

You collected 196 gold pieces.

Inventory:

Hand Weapons
 a - a +0 war axe (weapon)
Armour
 b - a +0 scale mail (worn)
 c - a +0 buckler (worn)
 g - a +0 pair of boots (worn)
 x - a +0 tower shield
 A - a +0 plate armour
Jewellery
 u - a ring of fire
 v - an amulet of faith (around neck)
Scrolls
 e - 2 scrolls of brand weapon {unknown}
 f - 2 scrolls of teleportation {unknown}
 h - 5 scrolls of identify {unknown}
 i - 4 scrolls of vulnerability {unknown}
 j - a scroll of amnesia {unknown}
 k - a scroll of enchant armour {unknown}
 m - a scroll of fog {unknown}
 p - a scroll of silence {unknown}
 q - a scroll of enchant weapon {unknown}
 y - a scroll of torment {unknown}
 B - a scroll of magic mapping {unknown}
Potions
 d - a potion of curing {unknown}
 l - a potion of berserk rage {unknown}
 n - a potion of heal wounds {unknown}
 o - a potion of ambrosia {unknown}
 r - a potion of cancellation {unknown}
 s - a potion of haste {unknown}
 t - 3 potions of flight {unknown}
 w - a potion of resistance {unknown}
 z - a potion of magic {unknown}


   Skills:
 - Level 3.2 Fighting
 + Level 6.5 Axes
 - Level 3.2 Armour
 - Level 3.2 Shields


You had 5 spell levels left.
You didn't know any spells.
Your spell library was empty.

Dungeon Overview and Level Annotations

Branches:
Dungeon (4/15)             Temple (1/1) D:4

Altars:
Ashenzari
Dithmenos
Elyvilon
Fedhas
Hepliaklqana
Kikubaaqudgha
Nemelex Xobeh
Okawaru
Ru
Sif Muna
Trog
Vehumet
Wu Jian
Xom
Yredelemnul


Innate Abilities, Weirdness & Mutations

You are immune to sickness and miasma.
Your stone body is resilient. (AC +4)
You are immune to poison.
You resist negative energy. (rN+)
You are resistant to electric shocks. (rElec)
You are resistant to unholy torment.
You are immune to petrification.


Message History

You closely miss the adder.
The adder is heavily wounded.
You block the adder's attack.
You slash the adder!
You kill the adder!
Found 14 stones.
You see here 14 stones.
You see here 14 stones.
You see here 24 bolts.
You open the door. 4 gnolls and a gnoll sergeant come into view.
The gnoll sergeant is wielding a +3 trident of freezing.
The gnoll sergeant shouts!
The gnoll shouts! x3
Found 26 stones.
There's nothing to close nearby.
You aren't carrying any items that you can evoke.
You slash the gnoll!
The gnoll is severely wounded.
You slash the gnoll!
You kill the gnoll!
The gnoll hits you from afar with a +0 halberd!
You block the gnoll's attack. The gnoll hits you but does no damage.
You closely miss the gnoll. The gnoll closely misses you.
The gnoll barely misses you.
You closely miss the gnoll. You block the gnoll's attack.
The gnoll closely misses you.
You hit the gnoll but do no damage. The gnoll hits you but does no damage.
The gnoll hits you with a +0 halberd.
The gnoll sergeant hits you from afar with a +3 trident of freezing.
The gnoll sergeant freezes you.
You barely miss the gnoll. The gnoll hits you but does no damage.
The gnoll sergeant hits you from afar with a +3 trident of freezing.
The gnoll sergeant freezes you.
You closely miss the gnoll. The gnoll hits you with a +0 halberd.
The gnoll sergeant hits you from afar with a +3 trident of freezing.
The gnoll sergeant freezes you.
You closely miss the gnoll. The gnoll hits you with a +0 halberd.
* * * LOW HITPOINT WARNING * * *
The gnoll sergeant hits you from afar with a +3 trident of freezing!
You die...

##..#(.# #..###.# #.##
#.# #### #..# #.. ≈≈#
##.# ##. #≈# #.# #..
### ##≈######## #.# #.#
#..g#≈≈).[....###.###..
#(.ggg@................
#...#≈≈.......#..#.##..
######≈.............#.#
≈##≈........PP...#.#
≈≈≈######..PP...#.#
######### ##.##
#...♣...#.#
#.......#####.#
#....♣..#.#
###.########.#..#
#.#........ ........#
#.#...# ###.#...####.


You could see a gnoll sergeant and 3 gnolls.

Vanquished Creatures
  A scorpion (D:4)
  2 orc priests (D:2)
  An iguana (D:4)
  3 orc wizards
  2 gnolls
  4 adders
  An adder skeleton (D:4)
  4 worms
  7 dart slugs
  13 orcs
  9 endoplasms
  5 giant cockroaches
  8 goblins
  8 hobgoblins
  2 jackals (D:2)
  6 kobolds
  6 quokkas
  7 ball pythons
  5 bats
  2 frilled lizards (D:2)
  8 rats
104 creatures vanquished.

Notes
Turn   | Place    | Note
-------+----------+-------------------------------------------
     0 | D:1      | rocketpapaya the Gargoyle Fighter began the quest for the
                  | Orb.
     0 | D:1      | Reached XP level 1. HP: 14/14 MP: 1/1
    77 | D:1      | Found a faded altar of an unknown god.
    99 | D:1      | Reached skill level 2 in Axes
   232 | D:1      | Reached XP level 2. HP: 19/19 MP: 2/2
   779 | D:1      | Reached skill level 3 in Axes
   779 | D:1      | Reached XP level 3. HP: 23/23 MP: 3/3
  1335 | D:2      | Reached skill level 4 in Axes
  1335 | D:2      | Reached XP level 4. HP: 28/28 MP: 4/4
  1351 | D:2      | Reached XP level 5. HP: 3/32 MP: 5/5
  2123 | D:2      | Reached skill level 5 in Axes
  2336 | D:3      | Found an iron altar of Okawaru.
  2508 | D:3      | Reached XP level 6. HP: 4/37 MP: 6/6
  3104 | D:3      | Found a radiant altar of Vehumet.
  3480 | D:4      | Found a staircase to the Ecumenical Temple.
  3489 | Temple   | Entered the Ecumenical Temple
  3686 | D:4      | Reached skill level 6 in Axes
  4343 | D:4      | Slain by a gnoll sergeant

Illustrated notes

Levels and vault maps discovered:
D:1:      dpeg_arrival_simpleton_a, layout_loops_cross,
          chequers_ecumenical_altar_island
D:2:      cheibrodos_pilgrimage, layout_basic, minmay_joined_circles
D:3:      layout_basic, okawaru_trees_1, mainiacjoe_overflow_alcove_4,
          minivault_24, minmay_unequal
D:4:      layout_basic, minmay_temple_entry_antechambers, grunt_ministairs_12,
          minmay_misc_feat_rugged, grunt_decor_resistance, serial_park_tiny_2,
          lightli_minifort
Temple:   dshaligram_water_room_temple

Skill      XL: |  1  2  3  4  5  6 |
---------------+-------------------+-----
Axes           | 2 3 4 5 6 |  6.5
Fighting       | |  3.2
Armour         | |  3.2
Shields        | |  3.2

Action                   |  1- 3 |  4- 6 || total
-------------------------+-------+-------++-------
Melee: War axe           |    75 |   208 ||   283
  Use: Potion            |       |     1 ||     1
Armor: Scale mail        |    45 |   101 ||   146
Dodge: Dodged            |    30 |    77 ||   107
Block: Buckler           |    10 |    41 ||    51

Table legend: (Time is in decaauts)
 A = Elapsed time spent in this place.
 B = Non-inter-level travel time spent in this place.
 C = Inter-level travel time spent in this place.
 D = Time resting spent in this place.
 E = Time spent auto-exploring this place.
 F = Levels seen in this place.
 G = Mean time per level.
                   A        B        C        D        E       F      G
               +--------+--------+--------+--------+--------+-----+--------+
         Total |   4431 |   4377 |     54 |    739 |   2853 |   5 |  886.2 |
       Dungeon |   4298 |   4267 |     31 |    739 |   2753 |   4 | 1074.5 |
        Temple |    132 |    109 |     23 |      0 |    100 |   1 |  132.0 |
               +--------+--------+--------+--------+--------+-----+--------+

Top non-repeatable levels by time:
     D:2: 1324 daAuts
     D:4: 1086 daAuts
     D:1: 1035 daAuts
     D:3: 853 daAuts
  Temple: 132 daAuts
